 Dungeon Crawl Stone Soup version 0.23-a0-242-g2b5ca64 (webtiles) character file.

7590 Gildeon the Geomancer (level 11, -1/63 HPs)
             Began as a Gargoyle Earth Elementalist on Sept 28, 2018.
             Was an Elder of Vehumet.
             Slain by a yak (8 damage)
             ... on level 1 of the Lair of Beasts.
             The game lasted 00:55:12 (7779 turns).

Gildeon the Geomancer (Gargoyle Earth Elementalist) Turns: 7779, Time: 00:55:13

Health: -1/63      AC: 19    Str: 12    XL:     11   Next: 17%
Magic:  9/20       EV:  9    Int: 19    God:    Vehumet [****..]
Gold:   419        SH:  0    Dex: 10    Spells: 3/23 levels left

rFire    . . .     SeeInvis .   m - +0 flail
rCold    . . .     Gourm    .   (no shield)
rNeg     + + .     Faith    .   p - +0 scale mail
rPois    ∞         Spirit   .   j - +0 helmet
rElec    +         Reflect  .   f - +0 cloak
rCorr    .         Harm     .   h - +0 pair of gloves
MR       .....                  s - +0 pair of boots
Stlth    ..........             (no amulet)
HPRegen  0.20/turn              A - ring of positive energy
MPRegen  0.17/turn              H - ring of wizardry

@: no status effects
A: negative energy resistance 1, electricity resistance, unbreathing,
petrification resistance, rot immunity, AC +8
a: Renounce Religion


You were on level 1 of the Lair of Beasts.
You worshipped Vehumet.
Vehumet was greatly pleased with you.
You were not hungry.

You visited 2 branches of the dungeon, and saw 9 of its levels.

You collected 627 gold pieces.
You spent 208 gold pieces at shops.

Inventory:

Hand Weapons
 m - a +0 flail (weapon)
Missiles
 b - 30 stones (quivered)
Armour
 c - a +0 robe
 e - a +0 ring mail
 f - a +0 cloak (worn)
 h - a +0 pair of gloves (worn)
 j - a +0 helmet (worn)
 p - a +0 scale mail (worn)
 q - a +1 leather armour of cold resistance
 s - a +0 pair of boots (worn)
 t - a +0 chain mail
Jewellery
 z - an uncursed ring of flight
 A - a ring of positive energy (left hand)
 H - a ring of wizardry (right hand)
Wands
 y - a wand of scattershot (5)
 D - a wand of clouds (7)
 E - a wand of enslavement (11)
Scrolls
 n - 3 scrolls of remove curse
 r - 2 scrolls of teleportation
 u - a scroll of fear {unknown}
 B - a scroll of fog
 G - a scroll of amnesia {unknown}
Potions
 a - a potion of haste
 i - a potion of agility
 k - 7 potions of lignification
 l - 5 potions of curing
 o - 2 potions of heal wounds
 v - a potion of resistance
 w - a potion of invisibility {unknown}
 x - a potion of flight {unknown}
 C - a potion of cancellation {unknown}
 F - 2 potions of mutation {unknown}
Comestibles
 d - 11 rations
 g - 2 chunks of flesh


   Skills:
 - Level 5.0 Fighting
 + Level 4.2 Maces & Flails
 - Level 3.0 Armour
 - Level 2.0 Dodging
 - Level 2.1 Stealth
 + Level 6.6 Spellcasting
 - Level 5.0 Conjurations
 - Level 4.0 Transmutations
 + Level 2.4 Ice Magic
 + Level 11.6 Earth Magic
 + Level 2.6 Poison Magic
 - Level 5.1 Evocations


You had 3 spell levels left.
You knew the following spells:

 Your Spells              Type           Power        Failure   Level  Hunger
a - Sandblast             Erth           ######       1%          1    None
b - Passwall              Tmut/Erth      #####...     1%          2    None
c - Stone Arrow           Conj/Erth      #####.       1%          3    ##.....
d - Petrify               Tmut/Erth      #####...     9%          4    ####...
e - Lee's Rapid Deconstr  Erth           ######....   1%          5    #####..
f - Sting                 Conj/Pois      ###.         1%          1    None
g - Freeze                Ice            ###.         2%          1    None
h - Conjure Flame         Conj/Fire      ###.....     7%          3    ##.....

Your spell library contained the following spells:

 Spells                   Type           Power        Failure   Level  Hunger
 Throw Icicle             Conj/Ice       ###.....     13%         4    ####...
 Summon Small Mammal      Summ           #...         21%         1    None
 Call Imp                 Summ           #.......     32%         2    None
 Call Canine Familiar     Summ           #.......     52%         3    ##.....
 Summon Guardian Golem    Hex/Summ       #.......     52%         3    ##.....
 Summon Ice Beast         Ice/Summ       ##......     75%         4    ####...
 Summon Lightning Spire   Summ/Air       #.......     88%         4    ####...


Dungeon Overview and Level Annotations

Branches:
Dungeon (8/15)             Temple (0/1) D:5            Lair (1/6) D:8

Altars:
Vehumet
The Shining One

Shops:
D:5 !   D:7 %


Innate Abilities, Weirdness & Mutations

You are resistant to torment.
Your stone body is resilient. (AC +8)
You are immune to poison.
You resist negative energy. (rN+)
You are resistant to electric shocks. (rElec)
You can survive without breathing.
You are immune to petrification.
You are immune to rotting.


Message History

Aim: a yak (moderately wounded)
The blast of sand misses the yak.
b - 31 stones The water moccasin bites you but does no damage.
The yak gores you.
* * * LOW HITPOINT WARNING * * *
Casting: Sandblast (safe; 1% risk of failure)
Confirm with . or Enter, or press ? or * to list all spells.
Aiming: Sandblast (safe; 1% risk of failure)
Press: ? - help, Shift-Dir - straight line, f/p - yak
Aim: a yak (moderately wounded)
The blast of sand hits the yak.
The yak is moderately wounded.
b - 30 stones The water moccasin bites you.
* * * LOW HITPOINT WARNING * * *
The water moccasin bites you.
* * * LOW HITPOINT WARNING * * *
The yak gores you!
You die...

# ##.#.# # #..### ## ##.#
## # .# ##'###### .. ..
.# #.......# #. ...
.#####..###..# ##. ....
....##.#.#...## #.+ .....
.#..##.#.#..#.###†#......
.#...#.#.#.#.#..@Y.......
.# P.#...#...+..#S#......
.# .+...(.#.###### .....
.# ###.#.#.# Y... .#
#.......# ... .#
######### .. ## #


You could see a yak and a water moccasin.

Vanquished Creatures
  A hydra (Lair:1)
  Pikel (D:6)
  An elephant (D:8)
  Psyche (D:8)
  2 hippogriffs (D:8)
  11 yaks
  Sigmund (D:2)
  A basilisk (D:8)
  Eustachio (D:5)
  A water moccasin (D:7)
  2 sky beasts (D:5)
  A porcupine (Lair:1)
  A phantom (D:7)
  3 ice beasts
  An orc warrior (D:6)
  A slave (D:6)
  5 ogres
  3 centaurs
  2 crocodiles
  2 big kobolds
  A wyvern zombie (D:7)
  A scorpion (D:4)
  A howler monkey (D:4)
  7 crimson imps
  3 jellies (D:7)
  A quasit (D:6)
  2 bullfrog skeletons
  3 orc priests
  5 hounds
  Crazy Yiuf (D:2)
  2 centaur skeletons
  A gnoll shaman (D:8)
  2 iguanas
  7 orc wizards
  4 worker ants
  2 hound zombies
  2 worker ant zombies (D:7)
  7 adders
  8 gnolls
  A howler monkey skeleton (D:7)
  2 river rats (D:5)
  3 shadow imps
  2 oozes (D:2)
  4 adder skeletons
  2 worms (D:2)
  A dart slug (D:1)
  6 leopard geckos
  22 orcs
  4 giant cockroaches
  6 goblins
  13 hobgoblins
  7 jackals
  4 quokkas
  A ball python zombie (D:5)
  8 bats
  6 frilled lizards
  A goblin skeleton (D:6)
  4 hobgoblin zombies (D:6)
  14 kobolds
  2 kobold skeletons (D:6)
  An orc skeleton (D:6)
  2 orc zombies (D:6)
  11 rats
229 creatures vanquished.

Vanquished Creatures (others)
  A kobold (D:8)
1 creature vanquished.

Grand Total: 230 creatures vanquished

Notes
Turn   | Place    | Note
-------+----------+-------------------------------------------
     0 | D:1      | Gildeon the Gargoyle Earth Elementalist began the quest for
                  | the Orb.
     0 | D:1      | Reached XP level 1. HP: 10/10 MP: 3/3
   304 | D:1      | Reached skill level 4 in Earth Magic
   304 | D:1      | Reached XP level 2. HP: 15/15 MP: 3/5
   471 | D:1      | Learned a level 2 spell: Passwall
   750 | D:1      | Reached XP level 3. HP: 13/19 MP: 0/6
   760 | D:1      | Learned a level 3 spell: Stone Arrow
   943 | D:2      | You fall through a shaft for 2 floors!
   985 | D:4      | Reached XP level 4. HP: 22/24 MP: 4/8
  1108 | D:4      | Reached skill level 5 in Earth Magic
  1110 | D:4      | Reached skill level 6 in Earth Magic
  1110 | D:4      | Reached XP level 5. HP: 28/28 MP: 4/9
  1116 | D:4      | Learned a level 4 spell: Petrify
  1299 | D:4      | Reached skill level 1 in Conjurations
  1359 | D:4      | Noticed an ogre
  1367 | D:4      | Reached XP level 6. HP: 32/32 MP: 7/10
  1376 | D:4      | Reached skill level 7 in Earth Magic
  1489 | D:3      | Reached skill level 1 in Fighting
  1735 | D:2      | Found a runed door.
  1739 | D:2      | Noticed Crazy Yiuf
  1740 | D:2      | Killed Crazy Yiuf
  2043 | D:2      | Noticed Sigmund
  2052 | D:2      | Killed Sigmund
  2052 | D:2      | Reached skill level 8 in Earth Magic
  2052 | D:2      | Reached XP level 7. HP: 35/40 MP: 7/11
  2589 | D:3      | Found a radiant altar of Vehumet.
  2605 | D:3      | Became a worshipper of Vehumet
  3191 | D:4      | Reached skill level 1 in Armour
  3196 | D:4      | Reached skill level 1 in Maces & Flails
  3483 | D:5      | Entered Level 5 of the Dungeon
  3636 | D:5      | Reached XP level 8. HP: 36/45 MP: 9/13
  3733 | D:5      | Noticed Eustachio
  3739 | D:5      | Reached skill level 1 in Transmutations
  3754 | D:5      | Killed Eustachio
  3761 | D:5      | Learned a level 5 spell: Lee's Rapid Deconstruction
  3862 | D:5      | Reached * piety under Vehumet
  3862 | D:5      | Offered knowledge of Sting by Vehumet.
  3905 | D:5      | Reached skill level 9 in Earth Magic
  3919 | D:5      | Found a staircase to the Ecumenical Temple.
  4380 | D:5      | Found Todghaeny's Distillery.
  4398 | D:5      | Bought a potion of heal wounds for 65 gold pieces
  4398 | D:5      | Bought a potion of curing for 39 gold pieces
  4398 | D:5      | Bought a potion of heal wounds for 65 gold pieces
  4398 | D:5      | Bought a potion of curing for 39 gold pieces
  4582 | D:6      | Learned a level 1 spell: Sting
  4658 | D:6      | Found a glowing golden altar of the Shining One.
  4664 | D:6      | Reached skill level 1 in Evocations
  4923 | D:6      | Reached skill level 1 in Poison Magic
  4984 | D:6      | Reached XP level 9. HP: 46/50 MP: 9/16
  5566 | D:6      | Reached ** piety under Vehumet
  5566 | D:6      | Offered knowledge of Freeze by Vehumet.
  5566 | D:6      | Reached skill level 5 in Spellcasting
  5569 | D:6      | Learned a level 1 spell: Freeze
  5654 | D:6      | Noticed Pikel
  5661 | D:6      | Killed Pikel
  5998 | D:7      | Reached skill level 10 in Earth Magic
  6252 | D:7      | Reached skill level 1 in Ice Magic
  6357 | D:7      | Found Efris's Food Boutique.
  6701 | D:7      | Reached XP level 10. HP: 28/56 MP: 13/17
  6736 | D:8      | Offered knowledge of Conjure Flame by Vehumet.
  6750 | D:8      | Reached *** piety under Vehumet
  6879 | D:8      | Noticed an elephant
  6879 | D:8      | Noticed Psyche
  6889 | D:8      | Paralysed by Psyche for 7 turns
  6898 | D:8      | Killed Psyche
  6944 | D:8      | Learned a level 3 spell: Conjure Flame
  6960 | D:8      | Offered knowledge of Throw Icicle by Vehumet.
  7054 | D:8      | Found a staircase to the Lair.
  7186 | D:8      | Reached skill level 11 in Earth Magic
  7270 | D:8      | Killed an elephant
  7312 | Lair:1   | Entered Level 1 of the Lair of Beasts
  7312 | Lair:1   | Noticed a six-headed hydra
  7319 | Lair:1   | Killed a six-headed hydra
  7319 | Lair:1   | Reached skill level 5 in Evocations
  7324 | D:8      | Reached skill level 5 in Conjurations
  7390 | D:8      | Reached XP level 11. HP: 15/62 MP: 9/20
  7763 | Lair:1   | Reached skill level 5 in Fighting
  7766 | Lair:1   | Reached **** piety under Vehumet
  7779 | Lair:1   | Slain by a yak

Vault maps used:
D:1:      dpeg_arrival_concentric_ovals
D:2:      due_unseen_surprise, uniq_sigmund, uniq_crazy_yiuf_cottage
D:3:      nicolae_overflow_crystal_walls
D:5:      temple_fountains, first_ration, gup_sewer_entry_bubbles, serial_shops,
          nicolae_shop_trees, uniq_eustachio
D:6:      corexii_shack_village, nicolae_tso_besieged_by_evil, uniq_pikel
D:7:      serial_shops, nicolae_shop_stone
D:8:      david_lair_generic, uniq_psyche
Lair:1:   lab_entry_generic, serial_bayou_crossing, infiniplex_staircase_pool

Skill      XL: |  1  2  3  4  5  6  7  8  9 10 11 |
---------------+----------------------------------+-----
Earth Magic    | 4 6 8 9 10 11 | 11.6
Spellcasting   | 3 4 5 6 |  6.6
Conjurations   | 1 2 3 5 |  5.0
Fighting       | 2 3 4 5 |  5.0
Armour         | 2 3 |  3.0
Maces & Flails | 2 3 4 |  4.2
Transmutations | 2 3 4 |  4.0
Dodging        | 2 |  2.0
Evocations     | 1 4 5 |  5.1
Poison Magic   | 1 2 |  2.6
Ice Magic      | 2 |  2.4
Stealth        | |  2.1

Action                   |  1- 3 |  4- 6 |  7- 9 | 10-12 || total
-------------------------+-------+-------+-------+-------++-------
Melee: Club              |    15 |    63 |       |       ||    78
       Unarmed           |     2 |       |       |       ||     2
       Flail             |       |    27 |   373 |    11 ||   411
 Cast: Sandblast         |    31 |    36 |   121 |   103 ||   291
       Sting             |       |       |    14 |     8 ||    22
       Freeze            |       |       |       |    12 ||    12
       Lee's Rapid Decon |       |       |       |     2 ||     2
       Petrify           |       |       |       |     1 ||     1
  Use: Scroll            |       |     2 |     8 |     7 ||    17
       Potion            |       |       |     1 |     1 ||     2
 Stab: Sleeping          |     1 |     1 |     2 |       ||     4
  Eat: Chunk             |     1 |     3 |    12 |     4 ||    20
       Ration            |       |       |     1 |       ||     1
Armor: Robe              |     7 |    70 |   211 |       ||   288
       Ring mail         |       |       |    43 |    60 ||   103
       Leather armour    |       |       |    21 |       ||    21
       Scale mail        |       |       |       |    28 ||    28
Dodge: Dodged            |    16 |    74 |   348 |    64 ||   502

Table legend:
 A = Non-vault XP
 B = Vault XP
 C = Vault XP percentage of total XP
 D = Non-vault monster count
 E = Vault monster count
 F = Vault count percentage of total count
                 A         B        C        D         E       F
            +---------+---------+-------+---------+---------+-------
      Total |    8190 |    2654 |  24.5 |     195 |      33 |  14.5
            +---------+---------+-------+---------+---------+-------
        D:1 |      36 |       0 |   0.0 |      20 |       0 |   0.0
        D:2 |      61 |     252 |  80.5 |      20 |       2 |   9.1
        D:3 |      80 |       0 |   0.0 |      16 |       0 |   0.0
        D:4 |     597 |       0 |   0.0 |      25 |       0 |   0.0
        D:5 |     888 |     213 |  19.3 |      23 |       6 |  20.7
        D:6 |     554 |     687 |  55.4 |      22 |      20 |  47.6
        D:7 |    1337 |       0 |   0.0 |      30 |       0 |   0.0
        D:8 |    2380 |    1502 |  38.7 |      31 |       5 |  13.9
     Lair:1 |    2257 |       0 |   0.0 |       8 |       0 |   0.0
            +---------+---------+-------+---------+---------+-------
